 Dungeon Crawl Stone Soup version 0.30-a0-509-gd016549fea (webtiles) character file.

Game seed: 7725433808838022215

12434 demibob the Grappler (level 11, -8/94 HPs)
             Began as a Troll Chaos Knight on Dec 22, 2022.
             Was a Plaything of Xom.
             Mangled by a komodo dragon (15 damage)
             ... on level 1 of the Lair of Beasts.
             The game lasted 00:19:44 (6588 turns).

demibob the Grappler (Troll Chaos Knight)           Turns: 6588, Time: 00:19:45

Health: -8/94      AC:  8    Str: 22    XL:     11   Next: 62%
Magic:  0/10       EV: 13    Int: 14    God:    Xom [......]
Gold:   1041       SH:  0    Dex:  9    Spells: 10/10 levels left

rFire   x . .      SeeInvis .      - Unarmed
rCold   + . .      Faith    .    (no shield)
rNeg    . . .      Spirit   +    a - +2 robe
rPois   +          Reflect  .    (helmet restricted)
rElec   +          Harm     .    w - +1 cloak "Asysch" {rElec rPois Int+6 Stlth+}
rCorr   .          Rampage  .    (gloves unavailable)
Will    .....                    (boots unavailable)
Stlth   ++........               x - amulet of guardian spirit
HPRegen 1.15/turn                E - +4 ring of evasion
MPRegen 0.12/turn                C - ring of ice

@: no status effects
A: large, unfitting armour, claws 3, regeneration 1, shaggy fur 1, tough skin 1,
clumsy 2, frail 1
a: Renounce Religion


You were on level 1 of the Lair of Beasts.
You worshipped Xom.
You were a very special plaything of Xom.
You visited 2 branches of the dungeon, and saw 10 of its levels.

You collected 1395 gold pieces.
You spent 354 gold pieces at shops.


Innate Abilities, Weirdness & Mutations

You are too large for most types of armour.
You have claws for hands.
Your natural rate of healing is unusually fast.
You are covered in fur. (AC +1)
You have tough skin. (AC +1)
You are very clumsy. (Dex -4)
You are frail. (-10% HP)


   Skills:
 + Level 5.8 Fighting
 - Level 10.9 Throwing
 - Level 1.9 Dodging
 + Level 14.4 Unarmed Combat


You had 10 spell levels left.
You didn't know any spells.
Your spell library contained the following spells:

 Spells                   Type           Power      Damage    Failure   Level
 Magic Dart               Conj           0%         1d3       28%         1
 Necrotise                Necr           0%         1d4       28%         1
 Ensorcelled Hibernation  Hex/Ice        0%         N/A       41%         2
 Passwall                 Tmut/Erth      0%         N/A       41%         2
 Searing Ray              Conj           0%         2d4       41%         2
 Swiftness                Air            0%         N/A       65%         3
 Vampiric Draining        Necr           0%         2d6       65%         3
 Fulminant Prism          Conj/Hex       0%         3d5       96%         4
 Agony                    Necr           0%         N/A       100%        5

Inventory:

Hand Weapons
 o - the +11 dagger "Lom Cin" {spect, rElec rF+ Dex+3}
   (You found it on level 7 of the Dungeon)

   When its wielder attacks, the weapon's spirit leaps out and strikes again.
   The spirit shares a part of any damage it takes with its wielder.
   Dex:       It affects your dexterity (+3).
   rF:        It protects you from fire.
   rElec:     It insulates you from electricity.
Missiles
 e - 4 large rocks (quivered) {=f}
 y - 2 atropa-tipped darts
Armour
 a - a +2 robe (worn)
 l - a +1 kite shield of cold resistance
 w - the +1 cloak "Asysch" (worn) {rElec rPois Int+6 Stlth+}
   (You bought it in a shop on level 7 of the Dungeon)

   Int:       It affects your intelligence (+6).
   rElec:     It insulates you from electricity.
   rPois:     It protects you from poison.
   Stlth:     It makes you more stealthy.
Jewellery
 u - an amulet of regeneration
 x - an amulet of guardian spirit (around neck)
 C - a ring of ice (right claw)
 E - a +4 ring of evasion (left claw)
Wands
 g - a wand of light (7)
 h - a wand of paralysis (14)
 k - a wand of digging (3)
 v - a wand of roots (4)
Scrolls
 f - 9 scrolls of teleportation {@r2}
 j - a scroll of enchant armour
 m - 6 scrolls of identify {@r1}
 t - a scroll of fog
Potions
 c - a potion of lignification
 d - 3 potions of brilliance
 i - 4 potions of flight
 q - a potion of magic
 s - a potion of degeneration
Miscellaneous
 b - a piece from Xom's chessboard (15/15)

Dungeon Overview and Level Annotations

Branches:
Dungeon (9/15)             Temple (0/1) D:7            Lair (1/5) D:9
    Orc: D:9-12

Altars:
Fedhas
Wu Jian
Xom

Shops:
D:3 ? D:7

[ . #... .. ##.. ..#....
.####.. ... .....###.#.##..
.... ### ###......^......
....###P##.#..............
.........................
.........................
.........................
.........@................
........l.......#+#.#.##..
.....#..####...........#..
....#.#.#.##....P......#..
#.....##....##....#.........
#......#....##...........#..
#......#.....+..............
#.....##....#.....#.........
#.....##....##....#......#..


You could see a komodo dragon (agile).


Message History

Cornered, the komodo dragon turns to fight!
Okay, then.
Aiming: Fastroot
Press: ? - help, Shift-Dir - straight line, f - komodo dragon
Aim: a komodo dragon The roots erupt in riotous growth!
Roots grab the komodo dragon.
The grasping roots constrict the komodo dragon.
You hear a bellow! x3; You hear an angry hiss.
The komodo dragon escapes!
You completely miss the komodo dragon.
The komodo dragon is lightly wounded.
The komodo dragon barely misses you.
You scratch the komodo dragon but do no damage.
The komodo dragon is lightly wounded.
You closely miss the komodo dragon. You claw the komodo dragon!
The komodo dragon is lightly wounded. "This might be better!"
The komodo dragon suddenly seems more agile.
The komodo dragon bites you!!
* * * LOW HITPOINT WARNING * * *
Okay, then.
Okay, then.
You completely miss the komodo dragon.
The komodo dragon is lightly wounded.
The komodo dragon closely misses you.
You mangle the komodo dragon!!
The komodo dragon is severely wounded.
The komodo dragon bites you!
You die...

Skill      XL: |  1  2  3  4  5  6  7  8  9 10 11 |
---------------+----------------------------------+-----
Unarmed Combat | 4 5 6 8 10 11 13 14 | 14.4
Throwing       | 10 | 10.9
Fighting       | 3 5 |  5.8
Dodging        | |  1.9

Action                   |  1- 3 |  4- 6 |  7- 9 | 10-12 || total
-------------------------+-------+-------+-------+-------++-------
Melee: Unarmed           |    97 |   122 |   141 |   310 ||   670
       Punch             |     2 |     3 |     5 |    17 ||    27
Throw: Large rock        |       |       |     4 |     1 ||     5
Evoke: Piece from Xom's  |     2 |     2 |     5 |       ||     9
       Wand              |       |       |       |     5 ||     5
  Use: Scroll            |     2 |       |    10 |     5 ||    17
       Potion            |       |     3 |     5 |     5 ||    13
 Stab: Invisible         |       |     1 |     6 |     5 ||    12
       Confused          |       |       |     1 |     1 ||     2
       Distracted        |       |       |     1 |       ||     1
       Sleeping          |       |       |       |     1 ||     1
       Paralysed         |       |       |       |     1 ||     1
Armor: Robe              |    36 |    48 |    21 |    57 ||   162
       Skin              |       |     2 |     4 |       ||     6
Dodge: Dodged            |    50 |    80 |    70 |   163 ||   363

Levels and vault maps discovered:
D:1:      scummos_arrival_simple_fountains, layout_basic,
          dreamdust_ecumenical_altar_statues
D:2:      layout_basic
D:3:      layout_rooms, serial_shops, shop
D:4:      layout_loops_corners, kennysheep_big_empty_room
D:5:      layout_loops_ring, serial_aquarium, aquarium_bridge_island_small
          [aquarium_subvault_small_open, aquarium_subvault_bridge,
          aquarium_subvault_bridge, aquarium_subvault_wall,
          aquarium_subvault_bridge], aquarium_bridge_straight
          [aquarium_subvault_bridge, aquarium_subvault_balcony,
          aquarium_subvault_bridge, aquarium_subvault_window],
          aquarium_window_3, aquarium_window_fake, aquarium_view_2b,
          aquarium_view_2c, aquarium_balcony_1b, columned_hall_lemuel,
          uniq_pikel
D:6:      layout_loops_ring, mainiacjoe_overflow_boulevard, uniq_duvessa
D:7:      layout_rooms, minmay_temple_entry_antechambers, serial_shops, shop,
          minmay_fractal_squares_diagonal_5
D:8:      layout_loops_ring
D:9:      layout_loops_corners, mainiacjoe_overflow_catwalk_spiral,
          david_lair_generic
Lair:1:   dreamdust_isle_of_ice, layout_regular_city

Notes
Turn   | Place    | Note
-------+----------+-------------------------------------------
     0 | D:1      | demibob the Troll Chaos Knight began the quest for the Orb.
     0 | D:1      | Reached XP level 1. HP: 22/22 MP: 0/0
    46 | D:1      | Found a faded altar of an unknown god.
    46 | D:1      | XOM: divination: detect creatures
   222 | D:1      | XOM: silly message
   274 | D:1      | Reached XP level 2. HP: 29/29 MP: 1/1
   530 | D:2      | Reached skill level 4 in Unarmed Combat
   663 | D:2      | Reached XP level 3. HP: 36/36 MP: 2/2
   782 | D:2      | XOM: 1-stop teleportation journey
  1024 | D:3      | XOM: noise
  1055 | D:3      | Found Jiargh's Magic Scroll Emporium.
  1064 | D:3      | Bought a scroll of teleportation for 36 gold pieces
  1092 | D:3      | Identified the +1 helmet of Larroom {MP+9 Int+4 Slay+3}
  1217 | D:3      | Reached XP level 4. HP: 41/44 MP: 3/3
  1276 | D:3      | Reached skill level 5 in Unarmed Combat
  1528 | D:4      | Noticed a phantom
  1538 | D:4      | Killed a phantom
  1539 | D:4      | Reached XP level 5. HP: 36/50 MP: 4/4
  1782 | D:4      | XOM: torment (26/50 hp)
  1830 | D:4      | XOM: summons 3 hostile demons
  1850 | D:4      | Reached skill level 6 in Unarmed Combat
  1861 | D:4      | XOM: enchant monster (bad)
  1900 | D:3      | Bought a scroll of blinking for 90 gold pieces
  1922 | D:4      | Reached XP level 6. HP: 30/59 MP: 5/5
  1975 | D:4      | You fall into a shaft and drop 1 floor!
  1975 | D:5      | Entered Level 5 of the Dungeon
  2032 | D:5      | Reached skill level 7 in Unarmed Combat
  2127 | D:5      | Noticed an ice beast
  2129 | D:5      | XOM: god gift: 889 gold pieces
  2131 | D:5      | XOM: swap monsters
  2134 | D:5      | Noticed Pikel
  2135 | D:5      | Killed an ice beast
  2136 | D:5      | Reached skill level 8 in Unarmed Combat
  2136 | D:5      | Reached XP level 7. HP: 66/66 MP: 6/6
  2184 | D:5      | XOM: noise
  2188 | D:5      | Killed Pikel
  2189 | D:5      | Reached skill level 10 in Unarmed Combat
  2189 | D:5      | Reached XP level 8. HP: 63/74 MP: 7/7
  2605 | D:4      | XOM: noise
  2607 | D:4      | Reached skill level 1 in Throwing
  2758 | D:4      | XOM: silly message
  2811 | D:5      | Reached skill level 2 in Throwing
  2938 | D:6      | Reached skill level 11 in Unarmed Combat
  2944 | D:6      | Identified a potion of experience
  2947 | D:6      | Reached skill level 10 in Throwing
  2947 | D:6      | Reached XP level 9. HP: 80/80 MP: 8/8
  3004 | D:6      | XOM: summons 4 hostile shadow creatures
  3028 | D:6      | XOM: blink monster(s)
  3034 | D:6      | XOM: confusion (+ monsters)
  3051 | D:6      | XOM: scenery: summon butterflies
  3088 | D:6      | Found a blossoming altar of Fedhas.
  3190 | D:6      | XOM: summons friendly ufetubus
  3230 | D:6      | Noticed Duvessa
  3231 | D:6      | Noticed Dowan
  3238 | D:6      | Killed Duvessa
  3243 | D:6      | Killed Dowan
  3544 | D:7      | XOM: fog
  3546 | D:7      | XOM: polymorph sky beast -> warg
  3547 | D:7      | XOM: summons friendly shadow imp
  3557 | D:7      | Reached XP level 10. HP: 81/88 MP: 9/9
  3654 | D:7      | Found a staircase to the Ecumenical Temple.
  3739 | D:7      | Found Xiammac's Antique Armour Boutique.
  3767 | D:7      | Reached skill level 12 in Unarmed Combat
  3820 | D:7      | Bought a jewelled cloak for 228 gold pieces
  3820 | D:7      | Identified the +1 cloak "Asysch" {rElec rPois Int+6 Stlth+}
                  | (You bought it in a shop on level 7 of the Dungeon)
  3861 | D:7      | Identified the +11 dagger "Lom Cin" {spect, rElec rF+
                  | Dex+3}
  3993 | D:7      | XOM: god gift: plate armour {god gift}
  4030 | D:7      | XOM: cloud trail
  4115 | D:8      | XOM: scenery: summon butterflies
  4150 | D:8      | XOM: cast spell 'Cause Fear'
  4154 | D:8      | XOM: smoke on damage
  4184 | D:8      | XOM: summons 2 friendly demons
  4402 | D:8      | XOM: enchant monster (good)
  4406 | D:8      | Reached skill level 13 in Unarmed Combat
  4634 | D:8      | XOM: polymorph something unseen -> howler monkey
  4771 | D:9      | XOM: stealth player
  4800 | D:9      | Found an ornate altar of the Wu Jian Council.
  4855 | D:9      | Found a shimmering altar of Xom.
  4918 | D:9      | Found a staircase to the Lair.
  4919 | D:9      | Noticed an elephant
  4921 | D:9      | Noticed a death yak
  4933 | D:9      | XOM: destruction
  4952 | D:9      | Killed an elephant
  4959 | D:9      | XOM: swap monsters
  4965 | D:9      | Killed a death yak
  4966 | D:9      | Reached skill level 3 in Fighting
  5266 | D:9      | XOM: give mutations
  5266 | D:9      | Gained mutation: You are clumsy. (Dex -2) [Xom's mischief]
  5266 | D:9      | Gained mutation: You are very clumsy. (Dex -4) [Xom's
                  | mischief]
  5266 | D:9      | Gained mutation: You are frail. (-10% HP) [Xom's mischief]
  5431 | D:9      | Reached XP level 11. HP: 81/87 MP: 8/10
  5725 | Lair:1   | Entered Level 1 of the Lair of Beasts
  5740 | Lair:1   | XOM: swap monsters
  5745 | Lair:1   | XOM: confusion (+ monsters)
  5753 | Lair:1   | Reached skill level 4 in Fighting
  5939 | Lair:1   | XOM: god gift: plate armour {god gift}
  5973 | Lair:1   | XOM: 2-stop teleportation journey
  6095 | Lair:1   | XOM: summons 1 hostile demon
  6166 | Lair:1   | Noticed a bog body
  6201 | Lair:1   | Reached skill level 5 in Fighting
  6201 | Lair:1   | Reached skill level 14 in Unarmed Combat
  6224 | Lair:1   | Noticed a death yak
  6241 | Lair:1   | XOM: silly message
  6242 | Lair:1   | XOM: cloud trail
  6249 | Lair:1   | XOM: divination: magic mapping
  6259 | Lair:1   | Killed a death yak
  6327 | Lair:1   | Killed a bog body
  6329 | Lair:1   | XOM: noise
  6337 | Lair:1   | HP: 9/94 [anaconda simulacrum (14)]
  6338 | Lair:1   | >>rip
  6427 | Lair:1   | XOM: potion effect (invisibility)
  6439 | Lair:1   | XOM: 1-stop teleportation journey
  6459 | Lair:1   | XOM: scenery: create altars
  6466 | Lair:1   | XOM: summons 3 hostile shadow creatures
  6497 | Lair:1   | XOM: confusion (+ monsters)
  6512 | Lair:1   | XOM: swap monsters
  6564 | Lair:1   | XOM: scenery: 1 doors open
  6586 | Lair:1   | XOM: enchant monster (bad)
  6586 | Lair:1   | HP: 5/94 [komodo dragon (24)]
  6588 | Lair:1   | Mangled by a komodo dragon

Vanquished Creatures
  2 death yaks
  A bog body (Lair:1)
  Pikel (D:5)
  An elephant (D:9)
  2 komodo dragons (Lair:1)
  2 rime drakes (Lair:1)
  An anaconda simulacrum (Lair:1)
  An ice devil (Lair:1)
  2 trolls
  A polar bear (Lair:1)
  3 blink frogs (Lair:1)
  2 wyverns
  11 yaks
  2 basilisks (D:9)
  A death yak simulacrum (Lair:1)
  A warg (D:7)
  2 water moccasins
  Duvessa (D:6)
  2 ice beasts
  An orc warrior (D:6)
  An ogre (D:4)
  4 centaurs
  A phantom (D:4)
  4 bullfrogs
  5 kobold brigands
  A necrophage (D:5)
  A two-headed ogre simulacrum (Lair:1)
  A cane toad simulacrum (Lair:1)
  A scorpion (D:7)
  9 wights
  Dowan (D:6)
  3 howler monkeys
  4 jellies
  2 hounds
  8 orc priests
  2 iguanas (D:6)
  7 orc wizards
  A wolf simulacrum (Lair:1)
  7 adders
  4 gnolls
  A naga simulacrum (Lair:1)
  2 shadow imps
  3 white imps
  An ufetubus (D:7)
  A worm (D:3)
  A dart slug (D:2)
  28 orcs
  3 ball pythons
  A bat (D:1)
  6 endoplasms
  2 giant cockroaches (D:1)
  3 goblins
  5 hobgoblins
  13 jackals
  2 quokkas (D:2)
  A frilled lizard (D:1)
  23 kobolds
  5 rats
208 creatures vanquished.

Vanquished Creatures (collateral kills)
  A wyvern (D:8)
1 creature vanquished.

Vanquished Creatures (others)
  14 fungi
  A plant (Lair:1)
15 creatures vanquished.

Grand Total: 224 creatures vanquished

Table legend: (Time is in decaauts)
 A = Elapsed time spent in this place.
 B = Non-inter-level travel time spent in this place.
 C = Inter-level travel time spent in this place.
 D = Time resting spent in this place.
 E = Time spent auto-exploring this place.
 F = Levels seen in this place.
 G = Mean time per level.
                   A        B        C        D        E       F      G
               +--------+--------+--------+--------+--------+-----+--------+
         Total |   6454 |   6204 |    250 |    234 |   4425 |  10 |  645.4 |
       Dungeon |   5625 |   5376 |    249 |     40 |   4155 |   9 |  625.0 |
          Lair |    829 |    829 |      0 |    194 |    270 |   1 |  829.0 |
               +--------+--------+--------+--------+--------+-----+--------+

Top non-repeatable levels by time:
     D:9: 941 daAuts
  Lair:1: 829 daAuts
     D:4: 814 daAuts
     D:8: 690 daAuts
     D:6: 579 daAuts
     D:5: 577 daAuts
     D:7: 540 daAuts
     D:2: 515 daAuts
     D:1: 496 daAuts
     D:3: 470 daAuts

Table legend:
 A = Non-vault XP
 B = Vault XP
 C = Vault XP percentage of total XP
 D = Non-vault monster count
 E = Vault monster count
 F = Vault count percentage of total count
                 A         B        C        D         E       F
            +---------+---------+-------+---------+---------+-------
      Total |    9012 |    6417 |  41.6 |     184 |      25 |  12.0
            +---------+---------+-------+---------+---------+-------
        D:1 |      19 |       0 |   0.0 |      12 |       0 |   0.0
        D:2 |      48 |       0 |   0.0 |      18 |       0 |   0.0
        D:3 |      65 |       0 |   0.0 |       9 |       0 |   0.0
        D:4 |     525 |       0 |   0.0 |      22 |       0 |   0.0
        D:5 |     839 |     629 |  42.8 |      24 |       1 |   4.0
        D:6 |     728 |     215 |  22.8 |      27 |       2 |   6.9
        D:7 |     984 |     193 |  16.4 |      18 |       4 |  18.2
        D:8 |    2341 |       0 |   0.0 |      22 |       0 |   0.0
        D:9 |     915 |    1529 |  62.6 |      21 |       4 |  16.0
     Lair:1 |    2548 |    3851 |  60.2 |      11 |      14 |  56.0
            +---------+---------+-------+---------+---------+-------
